 Dungeon Crawl Stone Soup version 0.19.1 (webtiles) character file.

45 Dfrag the Conjurer (level 3, -2/28 HPs)
             Began as a Naga Conjurer on Nov 29, 2016.
             Slain by Terence
             ... wielding a +0 trident
              (7 damage)
             ... on level 2 of the Dungeon.
             The game lasted 00:02:01 (927 turns).

Dfrag the Conjurer (Naga Conjurer)                   Turns: 927, Time: 00:02:01

Health: -2/28      AC:  3    Str: 10    XL:     3   Next: 64%
Magic:  3/7        EV: 10    Int: 16    God:
Gold:   48         SH:  0    Dex: 11    Spells: 2 memorised, 5 levels left

rFire  . . .     SeeInvis +     j - +2 short sword (venom)
rCold  . . .     Gourm    .     a - +0 robe
rNeg   . . .     Faith    .     (no shield)
rPois  +         Spirit   .     m - +0 helmet
rElec  .         Reflect  .     (no cloak)
rCorr  .         Harm     .     (no gloves)
MR     .....                    (no barding)
Stlth  ++........               (no amulet)
                                (no ring)
                                (no ring)

@: flying, very slow
A: see invisible, deformed body, poison resistance, slowness 2, slow metabolism
1, spit poison 1, AC +1
a: Spit Poison


You were on level 2 of the Dungeon.
You were hungry.

You visited 1 branch of the dungeon, and saw 2 of its levels.

You collected 48 gold pieces.

Inventory:

Hand Weapons
 j - a +2 short sword of venom (weapon)
Armour
 a - a +0 robe (worn)
 m - a +0 helmet (worn)
Scrolls
 d - a scroll of identify {unknown}
 e - 2 scrolls of enchant armour {unknown}
 g - a scroll of amnesia {unknown}
 h - a scroll of magic mapping {unknown}
 k - a scroll of immolation {unknown}
 q - a scroll of noise {unknown}
Books
 b - a book of Conjurations

   Spells                             Type                      Level
   a - Magic Dart                     Conjuration                  1
   b - Searing Ray                    Conjuration                  2
   c - Dazzling Spray                 Conjuration/Hexes            3
   d - Fulminant Prism                Conjuration/Hexes            4
   e - Iskenderun's Mystic Blast      Conjuration                  4
   f - Iskenderun's Battlesphere      Conjuration/Charms           5
Comestibles
 c - 2 bread rations
 i - a slice of pizza
 l - 3 fruits
 p - a meat ration


   Skills:
 - Level 1.5 Dodging
 - Level 3.0 Stealth
 * Level 3.3 Spellcasting
 + Level 4.3 Conjurations


You had 5 spell levels left.
You knew the following spells:

 Your Spells              Type           Power        Failure   Level  Hunger
a - Magic Dart            Conj           ###.         3%          1    None
b - Searing Ray           Conj           ###...       6%          2    ##.....


Dungeon Overview and Level Annotations

Branches:
Dungeon (2/15)

Altars:

Annotations:
D:2 Terence


Innate Abilities, Weirdness & Mutations

You cannot wear boots.
Your serpentine skin is tough. (AC +1)
You have supernaturally acute eyesight. (SInv)
Armour fits poorly on your strangely shaped body.
Your system is resistant to poisons. (rPois)
You cover ground very slowly.
You have a slow metabolism.
You can spit poison.


Message History

Terence hits you from afar with a trident.
You see here 2 stones.
You have got your breath back.
Terence closely misses you.
Press: ? - help, Shift-Dir - straight line, f - Terence
Aim: Terence, wielding a trident, wearing a scale mail and carrying a wand of slowing {zapped: 1} The splash of poison hits Terence.
Terence is poisoned.
Terence is lightly wounded.
You feel slightly more hungry.
Unknown command.
Terence hits you but does no damage. Terence hits you with a trident.
* * * LOW HITPOINT WARNING * * *
You hit Terence but do no damage.
Terence looks even sicker.
Terence is lightly wounded.
You have got your breath back.
Terence closely misses you.
You barely miss Terence.
Terence is moderately wounded.
Terence hits you with a trident!
You die...

...# #......#.........
...#########.####.#.#.(.....
....................@..>....
...#########......#.#)......
#.## #......##(........
#†### #......())#.#(#.#.
....# #.....(#####.# ....#
#.....@# ... ....# #...†.@#
### ....# #......# ....#
#.#.##.# ....# #.#..#.#
#.#########.#....#
#...........#######
#.................#
#..........######.#
#.............#


You could see Terence.

Vanquished Creatures
  An adder (D:2)
  A dart slug (D:2)
  2 giant cockroaches
  5 goblins
  5 hobgoblins
  5 jackals
  6 kobolds
  3 frilled lizards
  A rat (D:1)
29 creatures vanquished.

Notes
Turn   | Place    | Note
-------+----------+-------------------------------------------
     0 | D:1      | Dfrag the Naga Conjurer began the quest for the Orb.
     0 | D:1      | Reached XP level 1. HP: 15/15 MP: 3/3
   106 | D:1      | Reached XP level 2. HP: 1/22 MP: 3/5
   110 | D:1      | Learned a level 2 spell: Searing Ray
   862 | D:2      | Reached XP level 3. HP: 23/28 MP: 1/7
   896 | D:2      | Noticed Terence
   927 | D:2      | Slain by Terence

Skill      XL: |  1  2  3 |
---------------+----------+-----
Spellcasting   | 3 |  3.3
Dodging        | |  1.5
Stealth        | |  3.0
Conjurations   | |  4.3

Action                   || total
-------------------------++-------
Melee: Unarmed           ||     4
       Short sword       ||    16
 Cast: Magic Dart        ||    22
       Searing Ray       ||     1
 Abil: Spit Poison       ||    14
  Use: Potion            ||     3
 Stab: Sleeping          ||     1
Armor: Robe              ||    15
Dodge: Dodged            ||    36
